 Dungeon Crawl Stone Soup version 0.24-a0-235-g3f03afcf10 (webtiles) character file.

Game seed: 2556586752941089041

18 Redear the Skirmisher (level 2, -7/28 HPs)
             Began as a Naga Fighter on Apr 5, 2019.
             Mangled by a worm (8 damage)
             ... on level 2 of the Dungeon.
             The game lasted 00:02:02 (1289 turns).

Redear the Skirmisher (Naga Fighter)                Turns: 1289, Time: 00:02:02

Health: -7/28      AC:  4    Str: 17 (18) XL:     2   Next: 66%
Magic:  2/2        EV:  7    Int:  5 (8)  God:
Gold:   34         SH:  0    Dex:  7 (10) Spells: 1/1 levels left

rFire    . . .     SeeInvis +   a - +0 war axe
rCold    . . .     Gourm    .   (no shield)
rNeg     . . .     Faith    .   b - +0 scale mail
rPois    +         Spirit   .   (no helmet)
rElec    .         Reflect  .   (no cloak)
rCorr    .         Harm     .   (no gloves)
MR       .....     Rnd*Tele +   (no barding)
Stlth    ..........             (no amulet)
HPRegen  0.09/turn              g - ring of teleportation (curse) {+/*tele}
MPRegen  0.08/turn              (no ring)

@: flying, hasted, quick
A: large, see invisible, deformed body, poison resistance, slowness 2, slow
metabolism 1, spit poison 1, AC +0
a: Spit Poison


You were on level 2 of the Dungeon.
You were not hungry.

You visited 1 branch of the dungeon, and saw 2 of its levels.

You collected 34 gold pieces.

Inventory:

Hand Weapons
 a - a +0 war axe (weapon)
Armour
 b - a +0 scale mail (worn)
 c - a +0 shield
Jewellery
 g - a cursed ring of teleportation (left hand) {+/*tele}
Scrolls
 h - 2 scrolls of identify {unknown}
 i - a scroll of fog {unknown}
Potions
 d - 2 potions of might {Str+5 DMG+1d10 | @q3}
 e - a potion of curing {unknown}
 f - 2 potions of degeneration {!q}
 k - a potion of brilliance {unknown}
 l - a potion of flight
Comestibles
 z - 4 rations


   Skills:
 + Level 3.1 Fighting
 + Level 2.2 Axes
 + Level 2.5 Armour
 + Level 1.3 Stealth
 + Level 2.5 Shields


You had one spell level left.
You didn't know any spells.
Your spell library was empty.

Dungeon Overview and Level Annotations

Branches:
Dungeon (2/15)

Altars:


Innate Abilities, Weirdness & Mutations

You cannot wear boots.
Your serpentine skin is tough. (AC +0)
You have supernaturally acute eyesight. (SInv)
Armour fits poorly on your strangely shaped body.
Your system is resistant to poisons. (rPois)
You cover ground very slowly.
You have a slow metabolism.
You can spit poison.


Message History

The worm is severely wounded.
The worm bites you!
* * * LOW HITPOINT WARNING * * *
You take 6 damage, and have 1/28 hp.
MASSIVE DAMAGE!!
Okay, then.
Okay, then.
It was a potion of degeneration.
There was something very wrong with that liquid.
You feel weakened.
You feel dopey.
You feel clumsy. The worm closely misses you.
It was a potion of flight.
You feel very buoyant.
You fly up into the air.
l - a potion of flight;
e - a green potion It was a potion of haste.
You feel yourself speed up. The worm barely misses you.
You hit the worm.
The worm is heavily wounded.
The worm bites you!
You die...

## ..# #.# #.#
#.# #.#
#######.#######
#.....<........
#.#####@######
#w# ...####†#
#...$.†#
...####.# ...
$..## ##..#
#..#


You could see a worm.

Vanquished Creatures
  An ooze (D:1)
  2 leopard geckos (D:1)
  A bat (D:1)
  A goblin (D:1)
  A kobold (D:1)
  A quokka (D:2)
  2 frilled lizards
  3 rats
12 creatures vanquished.

Notes
Turn   | Place    | Note
-------+----------+-------------------------------------------
     0 | D:1      | Redear the Naga Fighter began the quest for the Orb.
     0 | D:1      | Reached XP level 1. HP: 21/21 MP: 1/1
   483 | D:1      | HP: 2/21 [leopard gecko (1)]
   484 | D:1      | Reached skill level 1 in Stealth
   484 | D:1      | Reached XP level 2. HP: 2/28 MP: 2/2
  1284 | D:2      | HP: 1/28 [worm (7)]
  1289 | D:2      | Mangled by a worm

Levels and vault maps discovered:
D:1:      dpeg_arrival_shelter, layout_basic
D:2:      layout_loops_ring, minmay_tromino_v2, uniq_robin

Skill      XL: |  1 |
---------------+----+-----
Stealth        | 1 |  1.3
Fighting       | |  3.1
Axes           | |  2.2
Armour         | |  2.5
Shields        | |  2.5

Action                   || total
-------------------------++-------
Melee: War axe           ||    54
  Use: Potion            ||     3
Armor: Scale mail        ||    15
Dodge: Dodged            ||    18
Block: Shield            ||     1

Table legend:
 A = Non-vault XP
 B = Vault XP
 C = Vault XP percentage of total XP
 D = Non-vault monster count
 E = Vault monster count
 F = Vault count percentage of total count
                 A         B        C        D         E       F
            +---------+---------+-------+---------+---------+-------
      Total |      26 |       0 |   0.0 |      12 |       0 |   0.0
            +---------+---------+-------+---------+---------+-------
        D:1 |      22 |       0 |   0.0 |       9 |       0 |   0.0
        D:2 |       4 |       0 |   0.0 |       3 |       0 |   0.0
            +---------+---------+-------+---------+---------+-------
